 Dungeon Crawl Stone Soup version 0.13-a0-2979-gb6a86b3 (webtiles) character file.

8631 Duskembrace the Cleaver (level 11, -16/98 HPs)
             Began as a Deep Dwarf Berserker on Sept 7, 2013.
             Was a Priest of Trog.
             Killed from afar by a necromancer (43 damage)
             ... with a bolt of fire
             ... on Level 10 of the Dungeon.
             The game lasted 00:45:40 (6593 turns).

Duskembrace the Cleaver (Deep Dwarf Berserker)      Turns: 6593, Time: 00:45:42

HP -16/98        AC 12     Str 21      XL: 11   Next:  5%
MP   4/10        EV 17     Int 11      God: Trog [***...]
Gold 503         SH 14     Dex 15      Spells:  0 memorised, 10 levels left

Res.Fire  : . . .   See Invis. : .   U - +3,+1 hand axe (freeze)
Res.Cold  : . . .   Warding    : .   W - +0 steam dragon armour
Life Prot.: . . .   Conserve   : .   k - +2 buckler (curse)
Res.Poison: .       Res.Corr.  : .   Y - +2 wizard hat {MR+}
Res.Elec. : .       Clarity    : .   y - +0 cloak
Sust.Abil.: . .     Spirit.Shd : .   u - +0 pair of gloves
Res.Mut.  : .       Stasis     : .   K - +0 pair of boots
Res.Rott. : .       Flight     : .   (no amulet)
Saprovore : . . .                    t - +3 ring of intelligence
                                     (no ring)

@: non-regenerating, exhausted, slowed, very slow, extraordinarily resistant to
hostile enchantments, fairly stealthy
A: damage resistance, recharge devices, sense surroundings 2, slow healing 3
a: Device Recharging, Burn Spellbooks, Berserk, Trog's Hand, Renounce Religion


You were on level 10 of the Dungeon.
You worshipped Trog.
Trog was greatly pleased with you.
You were not hungry.

You visited 1 branch of the dungeon, and saw 10 of its levels.

You collected 483 gold pieces.

Inventory:

Hand weapons
 a - a +1,+1 dwarven hand axe {=f}
 b - a +0,+0 crossbow
 L - a +1,+0 dwarven war axe
 U - a +3,+1 hand axe of freezing (weapon)
Missiles
 j - 23 darts (quivered)
 m - 17 bolts
Armour
 g - a +0 elven robe
 k - a cursed +2 buckler (worn)
 p - a +0 plate armour
 u - a +0 pair of gloves (worn)
 y - a +0 cloak (worn)
 K - a +0 pair of boots (worn)
 W - a +0 steam dragon armour (worn)
 X - a +2 leather armour of poison resistance
 Y - a +2 wizard hat of magic resistance (worn)
Magical devices
 c - a wand of heal wounds (5)
 P - a wand of fireball (7) {unknown}
 S - a wand of disintegration (19) {unknown}
 V - a wand of flame (8)
Comestibles
 d - 4 bread rations
 f - 10 grapes
 I - 6 rotting chunks of two-headed ogre flesh
Scrolls
 n - 13 scrolls of identify
 o - 3 scrolls of teleportation
 q - 3 scrolls of random uselessness {unknown}
 r - 2 scrolls of blinking {unknown}
 s - a scroll of fear {unknown}
 v - a scroll of recharging {unknown}
 z - 3 scrolls of remove curse
 A - a scroll of enchant armour {unknown}
 B - a scroll of curse weapon {unknown}
 C - 2 scrolls of magic mapping {unknown}
 E - 2 scrolls of immolation {unknown}
 H - a scroll of silence {unknown}
 M - a scroll of enchant weapon I
 R - a scroll of enchant weapon II
 T - a scroll of noise {unknown}
Jewellery
 e - a -3 ring of intelligence
 l - a cursed -2,-2 ring of slaying {unknown}
 t - a +3 ring of intelligence (right hand)
 G - an uncursed ring of sustenance {unknown}
 J - an uncursed ring of fire {unknown}
 N - an uncursed ring of ice {unknown}
 Q - an uncursed ring of poison resistance {unknown}
Potions
 h - 9 potions of curing {unknown}
 i - 2 potions of brilliance
 w - 2 potions of heal wounds {unknown}
 x - a potion of poison {unknown}
 D - a potion of resistance {unknown}
 F - a potion of invisibility {unknown}
 O - a potion of degeneration {unknown}


   Skills:
 + Level 7.2 Fighting
 + Level 11.1 Axes
 + Level 8.0 Armour
 + Level 8.7 Dodging
 - Level 1.1 Stealth
 + Level 6.4 Shields


You had 10 spell levels left.
You didn't know any spells.

Dungeon Overview and Level Annotations

Branches:
Dungeon (10/27)            Temple (0/1) D:7             Orc (0/4) D:9
   Lair (0/8) D:10

Altars:
Elyvilon
Fedhas
Nemelex Xobeh
Trog
Zin

Shops:
D:7 +

Portals:
Ziggurat: D:4 (5270 gp)


Innate Abilities, Weirdness & Mutations

You are resistant to damage.
You can recharge devices by infusing magical energy.
You passively map the area around you.
You do not heal naturally.


Message History

Use which ability? (? or * to list) You're too exhausted to go berserk.
Use which ability? (? or * to list)
Your skin crawls.
You feel resistant to hostile enchantments.
You feel slightly more hungry.
You can no longer call in reinforcements.
You block the brown ugly thing's attack.
You block its attack. The deep troll shaman bites you.
* * * LOW HITPOINT WARNING * * *
The deep troll shaman claws you. The deep troll shaman misses you.
The brown ugly thing headbutts you but does no damage.
It completely misses you.
You block the brown ugly thing's attack.
You hear some strange, mumbled words.
The bolt of fire hits you!
One of your 14 scrolls of identify catches fire!
One of your 4 scrolls of teleportation catches fire!
One of your 3 scrolls labeled ZEBO THUYSUPSO catches fire!
You die...

,, , * * *, , , ,, , ,,
##### * * + , ..# .... *
, , .....#, #..#, * , ,
......# _#..# * *
.......#, #%.#,, # *
........#⌠ #T.#, .# *
*........####u@####.##.
* ,
*..........8#..#8......
+..........'[..('....>#*
,,
+..........8####8...#.
*,
#.......[..........[#,*
#......?....######### *
##+#.........# ,
,#....[....# * ,
#.$..[[...# * , ,


You could see a deep troll shaman and a brown ugly thing.

Vanquished Creatures
  Gastronok (D:9)
  Erolcha (D:8)
  Grinder (D:3)
  A two-headed ogre (D:10)
  Prince Ribbit (D:5)
  A troll (D:5)
  2 yaks (D:10)
  Eustachio (D:8)
  The ghost of shugdite the Ruffian, an average MiMo (D:4)
  Grum (D:9)
  2 hungry ghosts (D:9)
  Edmund (D:8)
  A hippogriff (D:7)
  Menkaure (D:4)
  A manticore (D:9)
  3 wolves (D:9)
  2 ice beasts
  Purgy (D:3)
  A black bear (D:8)
  3 centaurs
  2 crocodiles
  6 ogres
  8 giant frogs
  A gnoll sergeant (D:5)
  An eye of draining (D:10)
  A yak zombie (D:9)
  4 troll zombies (D:9)
  6 crimson imps
  A quasit (D:9)
  4 wights (D:10)
  A jelly (D:5)
  4 orc priests
  4 hounds
  A giant frog skeleton (D:8)
  5 worker ants
  A centaur skeleton (D:7)
  2 giant frog zombies (D:5)
  7 orc wizards
  3 iguanas
  4 ogre zombies (D:9)
  Ijyb (D:4)
  A hound zombie (D:6)
  A hound skeleton (D:4)
  A worker ant zombie (D:8)
  7 gnolls
  A green rat (D:8)
  10 adders
  A giant centipede (D:9)
  A giant mite (D:6)
  6 worms
  An adder zombie (D:6)
  2 giant eyeballs
  6 giant geckos
  2 oozes (D:5)
  27 orcs
  7 giant cockroaches
  6 goblins
  14 hobgoblins
  10 jackals
  4 quokkas
  17 bats
  6 giant newts
  A giant newt zombie (D:5)
  A giant spore (D:7)
  A goblin skeleton (D:9)
  5 goblin zombies (D:9)
  2 hobgoblin skeletons (D:9)
  3 hobgoblin zombies (D:9)
  20 kobolds
  An orc skeleton (D:9)
  12 orc zombies (D:9)
  A quokka zombie (D:6)
  9 rats
  A rat zombie (D:5)
  2 ballistomycetes (D:7)
  A fungus (D:8)
285 creatures vanquished.

Vanquished Creatures (others)
  A bat (D:4)
1 creature vanquished.

Grand Total: 286 creatures vanquished

Notes
Turn   | Place    | Note
--------------------------------------------------------------
     0 | D:1      | Duskembrace, the Deep Dwarf Berserker, began the quest for the Orb.
     0 | D:1      | Reached XP level 1. HP: 21/21 MP: 0/0
   101 | D:1      | Found a sparkling altar of Nemelex Xobeh.
   173 | D:1      | Reached XP level 2. HP: 24/28 MP: 1/1
   335 | D:1      | Acquired Trog's second power
   543 | D:2      | Reached XP level 3. HP: 29/36 MP: 2/2
   700 | D:2      | Found a glowing silver altar of Zin.
  1203 | D:3      | Reached XP level 4. HP: 33/43 MP: 3/3
  1288 | D:3      | Noticed Grinder
  1299 | D:3      | Killed Grinder
  1299 | D:3      | Reached skill level 4 in Axes
  1299 | D:3      | Reached skill level 1 in Stealth
  1299 | D:3      | Reached XP level 5. HP: 50/50 MP: 4/4
  1299 | D:3      | Reached XP level 6. HP: 57/57 MP: 5/5
  1317 | D:3      | Reached skill level 5 in Axes
  1441 | D:3      | Noticed Purgy
  1456 | D:3      | Killed Purgy
  1525 | D:3      | Reached XP level 7. HP: 64/64 MP: 6/6
  2030 | D:4      | Found a gateway to a ziggurat.
  2167 | D:4      | Found a sparkling altar of Nemelex Xobeh.
  2203 | D:4      | Noticed shugdite's ghost (average MiMo)
  2215 | D:4      | Killed shugdite's ghost
  2215 | D:4      | Reached skill level 6 in Axes
  2215 | D:4      | Reached skill level 1 in Shields
  2267 | D:4      | Noticed Menkaure
  2274 | D:4      | Killed Menkaure
  2274 | D:4      | Reached skill level 5 in Armour
  2304 | D:4      | Acquired Trog's third power
  2307 | D:4      | Noticed Ijyb
  2318 | D:4      | Killed Ijyb
  2361 | D:4      | Reached skill level 5 in Dodging
  2455 | D:4      | Reached XP level 8. HP: 73/73 MP: 7/7
  2545 | D:5      | Entered Level 5 of the Dungeon
  2550 | D:5      | Noticed Prince Ribbit
  3079 | D:5      | Killed Prince Ribbit
  3079 | D:5      | Reached skill level 7 in Axes
  3139 | D:5      | Noticed a troll
  3267 | D:5      | Killed a troll
  3267 | D:5      | Reached skill level 5 in Fighting
  3765 | D:6      | Reached skill level 8 in Axes
  3765 | D:6      | Gained mutation: You passively map the area around you. [level up]
  3765 | D:6      | Reached XP level 9. HP: 71/80 MP: 8/8
  4045 | D:6      | Found a blossoming altar of Fedhas.
  4259 | D:7      | Found a staircase to the Ecumenical Temple.
  4263 | D:7      | Found Xoapsua's Book Boutique.
  4443 | D:7      | Paralysed by a giant eyeball for 3 turns
  4544 | D:7      | Reached skill level 9 in Axes
  4628 | D:7      | Found a white marble altar of Elyvilon.
  4930 | D:8      | Noticed Edmund
  4931 | D:8      | Noticed Eustachio
  4936 | D:8      | Killed Edmund
  4936 | D:8      | Reached skill level 5 in Shields
  4942 | D:8      | Killed Eustachio
  5076 | D:8      | Reached XP level 10. HP: 68/90 MP: 9/9
  5409 | D:8      | Noticed Erolcha
  5421 | D:8      | Killed Erolcha
  5680 | D:9      | Reached skill level 10 in Axes
  5693 | D:9      | Found a staircase to the Orcish Mines.
  5924 | D:9      | Noticed Grum
  5951 | D:9      | Killed Grum
  5997 | D:9      | Found a bloodstained altar of Trog.
  6068 | D:9      | Noticed Gastronok
  6084 | D:9      | Killed Gastronok
  6378 | D:10     | Entered Level 10 of the Dungeon
  6388 | D:10     | Reached skill level 11 in Axes
  6419 | D:10     | Found a staircase to the Lair.
  6482 | D:9      | Reached XP level 11. HP: 57/98 MP: 5/10
  6584 | D:10     | Noticed a necromancer
  6587 | D:10     | Noticed a deep troll shaman
  6593 | D:10     | Killed from afar by a necromancer

Action                   |  1- 3 |  4- 6 |  7- 9 | 10-12 || total
-------------------------+-------+-------+-------+-------++-------
Melee: Hand axe          |   112 |    69 |   467 |    27 ||   675
       War axe           |       |       |   114 |   272 ||   386
Invok: Berserk           |     2 |     3 |    13 |     7 ||    25
       Trog's Hand       |     1 |     1 |    14 |    11 ||    27
       Burn Spellbooks   |       |       |       |     1 ||     1
  Use: Scroll            |     7 |       |     1 |       ||     8
 Stab: Sleeping          |       |       |     2 |     1 ||     3
